Map: Prion Terraces

Players

LilDicky - Winner!

  • Race: Terran Terran
  • League: Diamond

SirThaddeous

  • Race: Zerg Zerg
  • League: Gold

VOD

http://www.twitch.tv/tumescentpie

Description

Time

  • Played on: Nov. 22, 2015, 11:31 p.m.
  • Length: 15:36
Show
View Real Time Build Order
Export as new Build Order

LilDicky Terran - Winner!

Build Orders: Command Center First (CC), MMM Bio 

Get SALT Encoding   

  12  0:01  SCV  
  13  0:17  Supply Depot  
  13  0:24  SCV  
  14  0:36  SCV  
  15  0:48  SCV  
  16  0:59  Command Center  
  16  1:05  SCV  
  17  1:15  Barracks  
  17  1:17  SCV  
  18  1:30  SCV  
  19  1:51  SCV  
  20  2:04  Marine  
  20  2:08  Command Center  
  21  2:09  Orbital Command  
  21  2:12  Orbital Command  
  21  2:30  Marine  
  21  2:36  SCV  
  23  2:38  Supply Depot  
  23  2:39  SCV  
  24  2:50  Command Center  
  23  2:54  SCV, Marine  
  25  3:02  SCV  
  25  3:04  Bunker  
  26  3:07  SCV  
  27  3:16  SCV  
  28  3:23  Supply Depot  
  28  3:24  Orbital Command  
  28  3:27  SCV  
  28  3:32  SCV, Barracks, Marine  
  28  3:33  Barracks  
  31  3:40  Supply Depot  
  31  3:45  SCV  
  31  3:47  Bunker  
  32  3:52  SCV x2  
  32  3:54  Marine  
  35  3:58  SCV  
  36  4:04  Orbital Command  
  36  4:06  SCV  
  36  4:07  Refinery x2  
  37  4:11  Marine  
  37  4:13  Supply Depot, SCV  
  37  4:14  SCV  
  40  4:22  Marine x2  
  42  4:29  Marine  
  43  4:32  SCV  
  43  4:37  SCV, Orbital Command  
  45  4:38  Barracks  
  45  4:39  Barracks, Marine x2  
  45  4:40  Barracks  
  47  4:47  Bunker  
  47  4:48  SCV x2  
  51  5:06  Barracks Tech Lab  
  50  5:07  Barracks Tech Lab  
  50  5:13  Barracks Reactor  
  49  5:15  SCV x2  
  49  5:18  SCV  
  52  5:25  Engineering Bay  
  52  5:27  Combat Shields, Engineering Bay, Barracks x2  
  52  5:28  Stimpack, Marine x2  
  52  5:29  Marine x2  
  52  5:30  Marine  
  52  5:34  Refinery  
  57  5:38  SCV x3, Refinery  
  60  5:46  Marine  
  60  5:54  Marine x2  
  60  5:55  Marine x3  
  60  5:56  Marine  
  56  6:00  Terran Infantry Weapons Level 1  
  56  6:03  Terran Infantry Armor Level 1  
  56  6:04  Marine  
  56  6:10  SCV x4  
  61  6:12  Marine x3  
  61  6:13  Marine x3  
  67  6:19  Marine  
  67  6:20  Supply Depot x2  
  67  6:22  Supply Depot, SCV x2  
  70  6:29  Command Center  
  70  6:30  Bunker  
  70  6:31  Marine x2  
  76  6:33  Barracks Reactor  
  76  6:37  Factory  
  76  6:38  Barracks Reactor  
  76  6:39  Barracks Reactor  
  73  6:45  Marine x2  
  76  6:47  Refinery  
  76  6:48  Refinery  
  76  6:49  Marine x2  
  76  6:53  Barracks Tech Lab  
  76  6:54  Barracks Tech Lab  
  76  7:04  Marine x2  
  76  7:05  Supply Depot  
  76  7:07  Marine x2  
  80  7:10  Marine x2  
  74  7:22  SCV, Marine  
  53  7:23  SCV x3  
  53  7:24  Marine x3  
  53  7:27  Bunker  
  59  7:30  Marine x2  
  59  7:31  Marine  
  59  7:32  Marine  
  59  7:33  Factory Reactor  
  59  7:35  SCV x3, Marine x3  
  59  7:36  Marine  
  59  7:37  Starport  
  70  7:40  Marine  
  70  7:42  SCV, Marine x3  
  75  7:48  Marine  
  76  7:51  Missile Turret  
  76  7:53  Marauder  
  76  7:55  Armory  
  76  7:56  Marine  
  79  7:58  Marine x2  
  79  7:59  Marine x2  
  79  8:01  Missile Turret  
  79  8:02  Missile Turret  
  83  8:10  SCV x2  
  83  8:11  Supply Depot  
  84  8:22  Missile Turret  
  84  8:24  Marine x3  
  84  8:25  Marine  
  76  8:49  Marine x3  
  76  8:50  Marauder x2  
  78  8:56  Marine  
  78  8:57  Marine x3  
  78  8:58  Marauder x2  
  71  9:08  SCV x4, Missile Turret  
  75  9:11  Marauder x2, Marine x2  
  81  9:18  Marine  
  81  9:19  Marauder, Marine  
  81  9:21  Terran Infantry Weapons Level 2  
  81  9:22  Missile Turret, Terran Infantry Armor Level 2  
  81  9:23  Marine x3  
  81  9:24  Factory Reactor  
  69  9:57  Planetary Fortress  
  48  10:07  Marine x3  
  48  10:08  Marauder  
  48  10:09  Widow Mine x2, Marauder  
  48  10:10  Medivac x2  
  48  10:11  Missile Turret, Marine x2  
  48  10:12  Marauder x2  
  69  10:19  Missile Turret  
  66  10:24  Marine  
  66  10:25  Marine x3  
  70  10:30  Marauder x2  
  70  10:31  Supply Depot  
  70  10:32  Supply Depot  
  70  10:33  Marauder x2  
  70  10:35  Missile Turret  
  78  10:36  Missile Turret, Marine  
  78  10:37  Widow Mine x2, Marine x3  
  78  10:42  Marine x2  
  83  10:43  Marine x2  
  74  10:51  Marine x2  
  74  10:54  Marine x6  
  79  11:00  Marine x3  
  79  11:01  Marine  
  73  11:09  Marauder x2  
  77  11:12  Marine x3  
  80  11:23  SCV x2, Marine x2  
  84  11:26  Marine x2  
  84  11:30  Marauder  
  84  11:31  Marine x3  
  84  11:32  Marauder  
  93  11:35  SCV  
  94  11:40  Marine x2  
  94  11:41  Marauder  
  94  11:42  Medivac x2  
  94  11:43  SCV  
  94  11:44  Marine  
  104  11:47  SCV  
  104  11:48  Marine x2  
  104  11:49  Command Center  
  104  11:50  Command Center  
  104  11:52  Marauder  
  109  12:01  Supply Depot x2  
  109  12:04  Armory  
  109  12:13  Marauder  
  100  12:43  Marine x3  
  78  12:44  Marauder x4, Marine  
  78  12:47  Medivac x2  
  78  12:49  SCV  
  90  13:00  Marine  
  90  13:01  Marine x3  
  90  13:02  Marine  
  90  13:04  Orbital Command  
  97  13:05  Marauder  
  97  13:06  Marauder x2  
  101  13:15  Marine x3  
  104  13:22  Planetary Fortress  
  80  13:41  Marine  
  80  13:42  Marauder, Marine  
  80  13:43  Medivac x2, Marauder x2  
  80  13:46  SCV x2  
  94  13:49  Orbital Command  
  94  13:57  Missile Turret  
  94  13:58  SCV x2  
  86  14:10  SCV x2  
  86  14:15  Marine x2  
  86  14:16  Marine  
  91  14:19  Marine x3  
  91  14:22  SCV x2  
  96  14:36  Marine  
  96  14:37  Marine  
  96  14:53  Marine x4  
  95  15:02  Marine x3  
  95  15:04  Marine x3  
  95  15:05  Marauder x2  
  104  15:24  SCV  
Show
View Real Time Build Order
Export as new Build Order

SirThaddeous Zerg 

Build Orders: Hatch First, Muta Ling Bane 

Get SALT Encoding   

  12  0:01  Drone  
  13  0:08  Drone  
  14  0:17  Overlord  
  14  0:24  Drone, Extractor  
  15  0:36  Drone  
  15  0:37  Drone  
  17  0:50  Drone  
  18  1:01  Hatchery  
  17  1:10  Drone  
  17  1:11  Drone  
  19  1:18  Drone  
  20  1:25  Spawning Pool  
  20  1:28  Extractor  
  18  1:37  Drone  
  19  2:04  Overlord  
  19  2:15  Queen  
  21  2:16  Overlord  
  21  2:21  Queen  
  21  2:22  Drone  
  24  2:32  Overlord  
  24  2:38  Drone x3  
  27  2:47  Drone  
  27  2:48  Drone  
  29  2:57  Queen  
  31  2:59  Metabolic Boost  
  31  3:00  Queen  
  31  3:03  Drone x2  
  31  3:04  Drone  
  36  3:18  Drone  
  36  3:19  Overlord  
  37  3:32  Baneling Nest  
  37  3:33  Drone  
  37  3:34  Drone x7  
  44  3:47  Extractor  
  43  3:48  Hatchery  
  43  3:52  Zergling x8  
  46  4:00  Drone x3  
  49  4:08  Zergling x6  
  52  4:22  Overlord  
  52  4:23  Overlord x3  
  52  4:25  Lair  
  52  4:28  Extractor  
  52  4:29  Extractor  
  49  4:42  Spine Crawler  
  49  4:43  Spine Crawler  
  47  4:50  Spine Crawler  
  47  4:51  Spore Crawler x2  
  47  4:52  Drone x3  
  47  4:53  Drone  
  47  4:58  Drone x3  
  51  5:03  Baneling x4  
  51  5:12  Drone x2  
  53  5:20  Drone x3  
  56  5:27  Overseer  
  56  5:35  Spore Crawler  
  56  5:37  Zergling x2  
  56  5:38  Zergling x4  
  52  5:57  Zergling x10  
  52  5:58  Zergling x2  
  52  6:01  Queen  
  60  6:13  Drone x2  
  60  6:14  Drone x3  
  65  6:20  Spire  
  64  6:28  Overlord x2  
  63  6:35  Hydralisk Den  
  62  6:46  Centrifical Hooks  
  62  6:52  Baneling x15  
  62  6:53  Baneling x7  
  62  7:02  Extractor  
  62  7:03  Zergling x2, Extractor  
  62  7:04  Zergling x28  
  64  7:32  Mutalisk  
  64  7:33  Mutalisk x6  
  78  7:41  Drone  
  79  7:50  Drone  
  80  7:57  Hatchery  
  79  8:01  Baneling x5  
  79  8:02  Baneling  
  79  8:06  Hatchery  
  79  8:11  Hydralisk x5  
  88  8:30  Mutalisk  
  88  8:33  Overlord x6  
  88  8:34  Overlord  
  77  9:03  Hydralisk x7  
  77  9:04  Hydralisk  
  93  9:12  Baneling x6  
  93  9:13  Zergling x2  
  93  9:14  Zergling x2  
  95  9:19  Drone  
  96  9:25  Zerg Flyer Weapons Level 1  
  82  9:45  Zergling x2  
  82  9:46  Zergling x22  
  82  10:00  Zergling x14  
  82  10:01  Zergling x4  
  85  10:17  Hydralisk x2  
  85  10:18  Hydralisk x3  
  95  10:23  Baneling  
  95  10:24  Baneling x4  
  82  10:58  Hydralisk  
  82  10:59  Hydralisk x8  
  76  11:34  Muscular Augments  
  76  11:35  Mutalisk  
  76  11:36  Mutalisk x7  
  92  11:48  Drone  
  92  11:49  Drone  
  92  11:53  Overseer  
  96  11:55  Overseer  
  96  11:58  Zergling x10  
  96  11:59  Zergling x2  
  102  12:01  Drone  
  96  12:26  Zergling x4  
  96  12:27  Zergling x14  
  99  12:49  Hydralisk x5  
  99  12:50  Hydralisk  
  111  13:08  Hatchery  
  110  13:14  Hatchery  
  58  13:38  Mutalisk x8  
  58  13:39  Mutalisk  
  70  14:09  Mutalisk x4  
  58  14:18  Zergling x6  
  48  14:40  Baneling  
  30  14:59  Mutalisk x4  
Tags
 
Add a new tag
Caveats
  • Supply blocks, unpowered buildings, or Contaminate may cause inaccurate times.
  • Supply counts are checked every 10 seconds.